cohdb
Replays
Latest Replays
All Replays
Popular Replays
Top Player Replays
Match Explorer
How It Works
Community
CoH3 Stats
Reddit
Sign in to upload your games and track your stats! →
Sign in with Steam
Match 42777217
Unlisted
Match 42777217
Overview
Messages
Build Orders
End
Panzergrenadier Squad
250 Light Carrier
Selects Armored Support Battlegroup
Panzergrenadier Squad
Construct Light Support Kompanie
MG34 Team
Fire Support Elements
2.5-tonne Medical Truck
le.IG 18 Mechanized Group
Panzerpioneer Squad
Selects Salvage Kits
Selects Veteran Gunners
Panzergrenadier Squad
Veteran Squad Leaders
Construct Panzerarmee Kommand
Flak 36 Anti-tank Gun Team
Armored Reserves
凯.
宇杰
帝国の突撃隊
Halation
freeloro (Ja-e)
Seeder
Abeli
Kim Jong-un
0
0
Comments
sign in to comment!
No comments posted yet!